Map: Romanticide LE

Players

LiquidClem (Clem) - Winner!

  • Race: Terran Terran
  • League: Grandmaster

Vanya

  • Race: Zerg Zerg
  • League: Master

Event: DreamHack SC2 Masters 2021 Summer

VOD

Have the link to the VOD?

Description

Time

  • Played on: May 19, 2021, 11:09 a.m.
  • Length: 8:55

All games in this series

Show
View Real Time Build Order
Export as new Build Order

LiquidClem Terran - Winner!

Build Orders: Reaper Expand 

Get SALT Encoding   

  12  0:00  SCV  
  13  0:12  SCV  
  14  0:17  Supply Depot  
  14  0:24  SCV  
  15  0:39  SCV, Barracks  
  16  0:44  Refinery  
  16  0:51  SCV  
  17  1:03  SCV  
  18  1:15  SCV  
  19  1:27  Reaper, Orbital Command  
  20  1:39  Command Center  
  20  1:47  Supply Depot  
  20  1:53  SCV  
  21  1:58  Marine  
  22  2:05  SCV  
  23  2:11  Factory  
  23  2:17  SCV  
  23  2:20  Barracks Reactor  
  24  2:29  SCV  
  25  2:42  Command Center  
  25  2:43  SCV  
  26  2:50  Orbital Command  
  26  2:55  SCV  
  27  2:59  Barracks  
  27  3:03  Barracks Tech Lab  
  27  3:07  SCV  
  27  3:09  Hellion  
  30  3:13  Hellion  
  30  3:16  SCV  
  30  3:19  Refinery  
  33  3:22  SCV  
  33  3:23  Marine  
  35  3:28  SCV, Stimpack  
  37  3:34  SCV  
  37  3:40  SCV  
  38  3:41  Marine  
  38  3:46  SCV  
  38  3:47  Starport  
  40  3:53  Factory Reactor, Marine x2  
  40  3:54  SCV  
  44  3:59  Marine  
  44  4:00  Orbital Command, SCV  
  44  4:02  Supply Depot  
  45  4:08  SCV  
  46  4:11  Marine x2  
  46  4:12  SCV  
  46  4:17  Marine  
  49  4:20  SCV  
  51  4:24  SCV  
  51  4:26  SCV, Supply Depot  
  51  4:29  Marine x2  
  55  4:32  SCV  
  55  4:34  Marine  
  55  4:35  Medivac x2  
  55  4:36  SCV  
  63  4:38  SCV  
  63  4:40  Factory Tech Lab  
  63  4:44  SCV  
  63  4:47  Marine x2  
  63  4:48  SCV, Supply Depot  
  63  4:50  Orbital Command  
  63  4:52  Marine  
  66  4:55  Refinery  
  66  4:56  SCV  
  66  4:57  Barracks  
  66  4:59  Refinery  
  68  5:02  Engineering Bay, Siege Tank  
  68  5:03  SCV, Engineering Bay  
  68  5:05  Marine  
  68  5:06  Marine  
  74  5:08  SCV  
  74  5:12  Marine  
  76  5:15  SCV, Combat Shield  
  76  5:16  Supply Depot  
  76  5:20  SCV  
  76  5:21  SCV  
  79  5:22  Marine  
  79  5:25  Supply Depot  
  79  5:27  Marine  
  79  5:28  SCV  
  82  5:32  SCV, Terran Infantry Weapons Level 1  
  83  5:38  Marine  
  83  5:39  Terran Infantry Armor Level 1  
  83  5:41  SCV  
  83  5:42  SCV  
  86  5:43  Marine  
  86  5:44  SCV  
  86  5:46  Supply Depot  
  86  5:47  Barracks Reactor  
  88  5:51  Barracks  
  88  5:53  SCV, Barracks  
  88  5:54  SCV  
  88  5:55  Armory  
  90  5:59  SCV  
  91  6:05  Siege Tank  
  91  6:06  Marine x3  
  91  6:07  SCV  
  91  6:08  SCV  
  91  6:09  Supply Depot  
  99  6:11  Supply Depot  
  99  6:16  Medivac  
  99  6:17  SCV  
  102  6:21  Barracks  
  102  6:22  SCV x2  
  102  6:24  Barracks  
  102  6:25  Marine, Medivac  
  106  6:29  Marine x2  
  106  6:30  Marine x2  
  110  6:35  Supply Depot  
  110  6:36  SCV  
  110  6:37  SCV  
  110  6:38  SCV  
  113  6:40  Barracks Reactor x2  
  113  6:43  Marine  
  113  6:45  Supply Depot  
  114  6:47  Supply Depot  
  114  6:50  Marine  
  114  6:51  Siege Tank  
  114  6:53  Medivac  
  119  6:56  Supply Depot  
  119  6:58  Barracks  
  119  6:59  Marine  
  120  7:03  Marine  
  120  7:04  Supply Depot  
  120  7:06  Marine, Medivac  
  124  7:10  Barracks Reactor  
  124  7:11  Marine  
  124  7:12  Refinery, Supply Depot  
  125  7:16  Barracks Reactor, Marine  
  125  7:17  Marine  
  125  7:19  Marine x2  
  125  7:20  Marine x2  
  131  7:24  Siege Tank  
  131  7:25  Marine  
  131  7:29  Supply Depot  
  135  7:30  Marine  
  135  7:31  Marine  
  135  7:32  SCV x2  
  135  7:35  Marine x2  
  135  7:37  Marine x2  
  141  7:43  Marine x2  
  144  7:48  Command Center  
  144  7:50  Barracks Tech Lab  
  144  7:54  Marine x2  
  144  7:55  Marine  
  146  8:00  Marine x3  
  146  8:01  Marauder, Marine x2  
  153  8:09  Marauder, Marine x3  
  158  8:19  Medivac  
  142  8:20  Siege Tank  
  142  8:21  Marine x5  
  142  8:23  Marauder  
  142  8:26  Marine  
  153  8:31  Marauder, Marine  
Show
View Real Time Build Order
Export as new Build Order

Vanya Zerg 

Build Orders: Hatch First 

Get SALT Encoding   

  12  0:00  Drone  
  13  0:12  Overlord  
  13  0:16  Drone  
  14  0:31  Drone x2  
  16  0:48  Hatchery  
  15  0:51  Drone  
  15  0:55  Drone  
  17  0:58  Drone  
  18  1:09  Extractor  
  17  1:13  Spawning Pool  
  17  1:16  Drone  
  17  1:19  Drone  
  18  1:28  Drone  
  19  1:39  Drone  
  20  1:49  Drone  
  21  2:00  Queen x2  
  21  2:01  Zergling x4  
  27  2:13  Hatchery  
  26  2:18  Overlord  
  26  2:21  Drone  
  27  2:24  Drone  
  28  2:35  Metabolic Boost  
  28  2:38  Drone  
  28  2:39  Drone x2  
  30  2:45  Queen  
  30  2:49  Overlord  
  32  2:52  Drone  
  32  2:55  Drone  
  32  2:57  Drone  
  35  3:08  Drone  
  35  3:09  Drone  
  35  3:10  Drone x2, Overlord  
  39  3:18  Drone x2  
  41  3:21  Queen  
  41  3:26  Queen  
  45  3:31  Drone x3  
  48  3:36  Zergling x4  
  50  3:45  Overlord  
  50  3:46  Zergling x2  
  50  3:47  Drone x4  
  55  3:54  Drone x2  
  57  4:03  Queen  
  57  4:05  Drone x2  
  57  4:07  Drone, Evolution Chamber  
  57  4:08  Evolution Chamber  
  57  4:09  Queen  
  62  4:12  Zergling x4  
  62  4:14  Zergling x2  
  65  4:23  Overlord  
  65  4:27  Extractor, Drone  
  65  4:34  Overlord  
  65  4:36  Zerg Melee Weapons Level 1  
  65  4:39  Zerg Ground Armor Level 1  
  65  4:41  Drone x2  
  65  4:42  Drone  
  65  4:45  Drone x3  
  71  4:48  Hatchery, Drone  
  71  4:49  Drone x2  
  73  4:57  Drone x2  
  73  4:59  Drone, Baneling Nest  
  76  5:00  Drone x2  
  76  5:02  Zergling x6  
  76  5:04  Zergling x2  
  81  5:11  Overlord  
  81  5:12  Extractor  
  80  5:15  Overlord  
  80  5:23  Lair  
  80  5:24  Overlord  
  80  5:27  Overlord x2  
  80  5:30  Zergling x2  
  80  5:35  Zergling x16  
  89  5:42  Overlord  
  89  5:43  Drone x2  
  89  5:47  Drone  
  92  5:50  Drone x2  
  92  5:52  Drone x2  
  92  5:55  Extractor, Drone  
  92  5:56  Drone x3  
  99  5:57  Extractor  
  99  6:01  Queen  
  99  6:02  Zergling x10  
  102  6:08  Overlord  
  102  6:16  Drone x4  
  106  6:20  Centrifical Hooks  
  106  6:21  Hatchery  
  106  6:24  Zergling x18  
  114  6:25  Baneling  
  114  6:26  Baneling x3  
  114  6:29  Drone  
  114  6:30  Drone x2  
  116  6:33  Zerg Melee Weapons Level 2  
  116  6:37  Zerg Ground Armor Level 2  
  116  6:38  Drone  
  117  6:42  Zergling x6  
  119  6:48  Zergling x10  
  122  6:55  Drone x2  
  122  6:58  Zergling x6  
  127  7:04  Extractor  
  127  7:05  Baneling x9, Infestation Pit  
  127  7:06  Hydralisk Den  
  127  7:08  Drone x6  
  130  7:11  Overlord  
  130  7:12  Zergling x6  
  131  7:17  Baneling x6  
  131  7:21  Zergling x10  
  136  7:25  Baneling x4  
  136  7:27  Overlord  
  134  7:30  Zergling x14  
  134  7:35  Zergling x8  
  145  7:40  Zergling x2  
  145  7:41  Zergling x6  
  145  7:44  Baneling x7  
  147  7:45  Overlord  
  147  7:48  Zergling x10  
  152  7:52  Zergling x2  
  152  7:56  Drone x2  
  154  8:00  Lurker Den  
  154  8:03  Zergling x10  
  146  8:14  Drone x7  
  118  8:20  Zergling x12  
  118  8:23  Baneling  
  118  8:24  Baneling x6  
  118  8:26  Zergling x14  
  131  8:33  Zergling x10  
Tags
 
Add a new tag
Caveats
  • Supply blocks, unpowered buildings, or Contaminate may cause inaccurate times.
  • Supply counts are checked every 10 seconds.